[Event "36th Zalakaros Festival 2017"]
[Site "Zalakaros"]
[Date "2017.05.25"]
[Round "8"]
[White "Rakesh Kumar Jena"]
[Black "Szukics, Adam"]
[Result "0-1"]
[ECO "A05"]
[WhiteElo "2288"]
[BlackElo "2229"]
[Annotator "NA"]
[PlyCount "80"]
[EventDate "2017.??.??"]
[EventType "swiss"]
[EventCountry "HUN"]
[SourceTitle "playchess.com"]
[Source "ChessBase"]
[SourceQuality "1"]
[TimeControl "40/5400+30:1800+30"]

1. Nf3 Nf6 2. g3 d5 3. Bg2 e6 4. O-O Be7 5. c4 O-O 6. b3 b6 7. Bb2 Bb7 8. Ne5 c5 9. Nc3 Nbd7 10. f4 Qc8 11. cxd5 Nxe5 12. fxe5 Nxd5 13. Ne4 Qd7 14. e3 Nb4 15. Nf6+ Bxf6 16. exf6 g6 17. Qg4 h6 18. Bxb7 Qxb7 19. e4 Nd3 20. Bc3 Rad8 21. Rf3 Qc7 22. Re3 b5 23. Rf1 Kh7 24. e5 b4 25. Ba1 Rd5 26. Qe4 Rfd8 27. g4 Rd4 28. Bxd4 Rxd4 29. Qa8 Rd8 30. Qg2 Rd4 31. Qe2 c4 32. bxc4 Qxc4 33. Rg3 a5 34. g5 h5 35. Kh1 Qd5+ 36. Qf3 Qxa2 37. Qb7 Qd5+ 38. Qxd5 Rxd5 39. Re3 b3 40. Rb1 a4 0-1

[Event "36th Zalakaros Festival 2017"]
[Site "Zalakaros"]
[Date "2017.05.25"]
[Round "8"]
[White "Horvath, Dominik"]
[Black "Paschall, William M"]
[Result "1/2-1/2"]
[ECO "A04"]
[WhiteElo "2275"]
[BlackElo "2380"]
[Annotator "NA"]
[PlyCount "63"]
[EventDate "2017.??.??"]
[EventType "swiss"]
[EventCountry "HUN"]
[SourceTitle "playchess.com"]
[Source "ChessBase"]
[SourceQuality "1"]
[TimeControl "40/5400+30:1800+30"]

1. Nf3 c5 2. c4 Nc6 3. Nc3 g6 4. e3 Nf6 5. d4 cxd4 6. exd4 d5 7. cxd5 Nxd5 8. Qb3 e6 9. Bb5 Bg7 10. O-O O-O 11. Bxc6 bxc6 12. Na4 Qd6 13. Bd2 Rb8 14. Qc2 Nb4 15. Bxb4 Rxb4 16. a3 Rb5 17. Rfd1 Rf5 18. Qe4 a5 19. Rac1 Qb8 20. Qe2 Qb5 21. Qxb5 cxb5 22. Nc5 Rd8 23. Kf1 Rfd5 24. Ke2 b4 25. axb4 axb4 26. Ra1 e5 27. dxe5 Bxe5 28. Rxd5 Rxd5 29. Nd3 Bf6 30. Nxb4 Rb5 31. Ra8 Rxb4 32. Rxc8+ 1/2-1/2

[Event "36th Zalakaros Festival 2017"]
[Site "Zalakaros"]
[Date "2017.05.25"]
[Round "8"]
[White "Sankalp Gupta"]
[Black "Arman, Deniz"]
[Result "1/2-1/2"]
[ECO "B98"]
[WhiteElo "2269"]
[BlackElo "2377"]
[Annotator "NA"]
[PlyCount "123"]
[EventDate "2017.??.??"]
[EventType "swiss"]
[EventCountry "HUN"]
[SourceTitle "playchess.com"]
[Source "ChessBase"]
[SourceQuality "1"]
[TimeControl "40/5400+30:1800+30"]

1. e4 c5 2. Nf3 d6 3. d4 cxd4 4. Nxd4 Nf6 5. Nc3 a6 6. Bg5 e6 7. f4 Be7 8. Qe2 h6 9. Bxf6 Bxf6 10. O-O-O Qa5 11. Qd2 Qc7 12. g4 Be7 13. Bg2 Nc6 14. Nxc6 bxc6 15. h4 Rb8 16. g5 h5 17. Bh3 O-O 18. f5 exf5 19. exf5 d5 20. Ne2 Bd6 21. f6 g6 22. Bxc8 Rfxc8 23. Rh3 Rb4 24. Kb1 Rcb8 25. b3 Qd7 26. Qd3 Be5 27. Re3 Qd6 28. Ng1 Rd4 29. Qe2 Rxd1+ 30. Qxd1 Bg3 31. Nf3 Qf8 32. Qe2 a5 33. Nd4 Bxh4 34. Nxc6 Bxg5 35. Re5 Bxf6 36. Nxb8 Bxe5 37. Qxe5 f6 38. Qxd5+ Kg7 39. Nc6 h4 40. Nd4 Qe7 41. Ne6+ Kh6 42. Qe4 Qb4 43. Nd4 g5 44. Nf5+ Kh5 45. Ng7+ Kh6 46. Nf5+ Kh5 47. Qe2+ g4 48. Qe3 Qf8 49. Qf2 Kg5 50. Nxh4 f5 51. Qg3 Qe7 52. Nf3+ Kh5 53. Qh2+ Kg6 54. Ne5+ Kg5 55. Qd2+ f4 56. Qd5 Qf6 57. Qg8+ Kf5 58. Nxg4 Qh4 59. Qc8+ Kg5 60. Qg8+ Kf5 61. Qc8+ Kg5 62. Qg8+ 1/2-1/2

[Event "36th Zalakaros Festival 2017"]
[Site "Zalakaros"]
[Date "2017.05.25"]
[Round "8"]
[White "Varga, Klara"]
[Black "Papp, Petra"]
[Result "1/2-1/2"]
[ECO "A20"]
[WhiteElo "2240"]
[BlackElo "2371"]
[Annotator "NA"]
[PlyCount "136"]
[EventDate "2017.??.??"]
[EventType "swiss"]
[EventCountry "HUN"]
[SourceTitle "playchess.com"]
[Source "ChessBase"]
[SourceQuality "1"]
[TimeControl "40/5400+30:1800+30"]

1. c4 e5 2. g3 Nc6 3. Bg2 Bc5 4. e3 d6 5. Nc3 a6 6. Nge2 Ba7 7. d4 Nf6 8. O-O O-O 9. h3 h6 10. Kh2 Re8 11. b3 Bf5 12. Nd5 exd4 13. Bb2 Be4 14. Nef4 Bxg2 15. Kxg2 Nxd5 16. cxd5 Ne5 17. Bxd4 Bxd4 18. Qxd4 Qf6 19. f3 a5 20. Rac1 Re7 21. Nh5 Qg6 22. g4 Qd3 23. Rcd1 Qxd4 24. Rxd4 c5 25. Re4 Ng6 26. Ng3 b5 27. f4 Ra6 28. Rd1 Kf8 29. Kf2 a4 30. b4 Rxe4 31. Nxe4 cxb4 32. Rb1 b3 33. axb3 Ke7 34. Nc3 a3 35. Nxb5 Ra5 36. Nc3 Rc5 37. Rc1 Kd7 38. b4 Rc4 39. Na2 Rxc1 40. Nxc1 Kc7 41. Na2 Ne7 42. e4 g5 43. f5 Ng8 44. Nc3 Kb6 45. Ke3 Nf6 46. Kd4 Nd7 47. Kc4 Nf6 48. Kb3 h5 49. gxh5 Nxh5 50. Kxa3 Nf4 51. Kb3 Nxh3 52. Ne2 Nf2 53. Ng3 Nd3 54. Kc3 Ne5 55. f6 Nd7 56. Nf5 Kc7 57. Kd4 g4 58. b5 Nxf6 59. b6+ Kxb6 60. Nxd6 g3 61. Nc4+ Kc7 62. Ne3 Ng4 63. e5 Kd7 64. Ke4 f5+ 65. exf6 Nxf6+ 66. Kf3 Kd6 67. Kxg3 Nxd5 68. Nxd5 Kxd5 1/2-1/2

[Event "36th Zalakaros Festival 2017"]
[Site "Zalakaros"]
[Date "2017.05.25"]
[Round "8"]
[White "Czupor, Attila"]
[Black "Szalanczy, Emil"]
[Result "1-0"]
[ECO "B76"]
[WhiteElo "2230"]
[BlackElo "2230"]
[Annotator "NA"]
[PlyCount "63"]
[EventDate "2017.??.??"]
[EventType "swiss"]
[EventCountry "HUN"]
[SourceTitle "playchess.com"]
[Source "ChessBase"]
[SourceQuality "1"]
[TimeControl "40/5400+30:1800+30"]

1. e4 c5 2. Nf3 d6 3. d4 cxd4 4. Nxd4 Nf6 5. Nc3 g6 6. Be3 Bg7 7. f3 Nc6 8. Qd2 O-O 9. O-O-O Nxd4 10. Bxd4 Be6 11. Kb1 Rc8 12. g4 Nd7 13. Bxg7 Kxg7 14. Nd5 Ne5 15. Be2 Bxd5 16. exd5 Qb6 17. h4 f6 18. f4 Nf7 19. Bd3 Qd4 20. Qh2 Qa4 21. g5 f5 22. h5 Rh8 23. Rde1 Rce8 24. c4 Qa5 25. Qc2 Rhg8 26. Re6 Nd8 27. hxg6 hxg6 28. Rxg6+ Kxg6 29. Bxf5+ Kg7 30. Rh7+ Kf8 31. Qh2 Nf7 32. Rxf7+ {[%emt 0:00:11] Qe1+ Kc2+} 1-0

[Event "36th Zalakaros Festival 2017"]
[Site "Zalakaros"]
[Date "2017.05.25"]
[Round "8"]
[White "Hardicsay, Peter"]
[Black "Krykun, Yuriy"]
[Result "0-1"]
[ECO "A04"]
[WhiteElo "2218"]
[BlackElo "2308"]
[Annotator "NA"]
[PlyCount "76"]
[EventDate "2017.??.??"]
[EventType "swiss"]
[EventCountry "HUN"]
[SourceTitle "playchess.com"]
[Source "ChessBase"]
[SourceQuality "1"]
[TimeControl "40/5400+30:1800+30"]

1. Nf3 c5 2. b3 d6 3. Bb2 e5 4. e4 Nc6 5. Bc4 Be7 6. Nc3 Nf6 7. h3 O-O 8. d3 Na5 9. Nd2 Nxc4 10. dxc4 Ne8 11. Qe2 Nc7 12. O-O-O a6 13. Kb1 b5 14. Nd5 Nxd5 15. exd5 b4 16. g4 Bg5 17. Ne4 Bf4 18. Bc1 Bxc1 19. Rxc1 f5 20. Nd2 a5 21. c3 Bd7 22. cxb4 axb4 23. Rc2 fxg4 24. hxg4 Be8 25. f3 Bg6 26. Ne4 Rf4 27. Kc1 Bxe4 28. fxe4 Qg5 29. Kb1 Raf8 30. a4 bxa3 31. Ka2 Qxg4 32. Qh2 Qg6 33. Rg1 Qxe4 34. Rcg2 g6 35. Qh6 Rf2+ 36. Rxf2 Rxf2+ 37. Kxa3 Qc2 38. Ka4 Rf7 0-1

[Event "36th Zalakaros Festival 2017"]
[Site "Zalakaros"]
[Date "2017.05.25"]
[Round "8"]
[White "Havanecz, Bianka"]
[Black "Almasi, Istvan"]
[Result "1/2-1/2"]
[ECO "A45"]
[WhiteElo "2210"]
[BlackElo "2398"]
[Annotator "NA"]
[PlyCount "63"]
[EventDate "2017.??.??"]
[EventType "swiss"]
[EventCountry "HUN"]
[SourceTitle "playchess.com"]
[Source "ChessBase"]
[SourceQuality "1"]
[TimeControl "40/5400+30:1800+30"]

1. d4 Nf6 2. Bf4 c5 3. d5 b5 4. a4 Bb7 5. e4 Nxe4 6. axb5 d6 7. Nf3 g6 8. c4 Bg7 9. Bd3 Nf6 10. Qd2 a6 11. Nc3 axb5 12. Rxa8 Bxa8 13. Nxb5 Na6 14. O-O O-O 15. Bh6 Bxh6 16. Qxh6 e6 17. Qf4 Nb4 18. Bb1 exd5 19. Nxd6 Nh5 20. Qe5 Nc6 21. Qxd5 Nd4 22. Qxc5 Ne2+ 23. Kh1 Bxf3 24. gxf3 Qh4 25. Nc8 Qh3 26. Ne7+ Kg7 27. Nf5+ gxf5 28. Qe5+ Kh6 29. Qd6+ Kg7 30. Qe5+ Kh6 31. Qd6+ Kg7 32. Qe5+ 1/2-1/2

[Event "36th Zalakaros Festival 2017"]
[Site "Zalakaros"]
[Date "2017.05.25"]
[Round "8"]
[White "Karacsonyi, Gellert"]
[Black "Szente Varga, Fruzsina"]
[Result "1/2-1/2"]
[ECO "C68"]
[WhiteElo "2189"]
[BlackElo "2190"]
[Annotator "NA"]
[PlyCount "135"]
[EventDate "2017.??.??"]
[EventType "swiss"]
[EventCountry "HUN"]
[SourceTitle "playchess.com"]
[Source "ChessBase"]
[SourceQuality "1"]
[TimeControl "40/5400+30:1800+30"]

1. e4 e5 2. Nf3 Nc6 3. Bb5 a6 4. Bxc6 dxc6 5. O-O f6 6. d4 exd4 7. Nxd4 c5 8. Nb3 Qxd1 9. Rxd1 Bg4 10. f3 Be6 11. Bf4 c4 12. Nd4 O-O-O 13. Nc3 Bf7 14. Kf2 Ne7 15. Be3 g6 16. Nde2 Bg7 17. a4 b6 18. g4 Nc6 19. Nf4 Nb4 20. Rxd8+ Rxd8 21. Rc1 Bf8 22. h4 Bd6 23. Nfe2 c5 24. f4 Be7 25. Ng3 Kc7 26. f5 Bd6 27. g5 Be5 28. Nge2 Kc6 29. gxf6 gxf5 30. exf5 Rh8 31. Ne4 Bxb2 32. Rg1 Bd5 33. Bh6 Re8 34. N4c3 Rxe2+ 35. Nxe2 Bxf6 36. Bg5 Be5 37. c3 Nd3+ 38. Ke3 b5 39. axb5+ axb5 40. Bh6 b4 41. cxb4 cxb4 42. Bg7 Bd6 43. Bd4 Bf8 44. Bg7 Bd6 45. Nd4+ Kd7 46. Bh6 Be5 47. Ra1 Bg3 48. Kd2 Bxh4 49. Ra7+ Ke8 50. Rxh7 Bf6 51. Nb5 Bg8 52. Nd6+ Kd8 53. Rb7 Bd5 54. Rb5 Bc6 55. Rb6 Bc3+ 56. Ke2 Bd5 57. Rb5 Bc6 58. Ra5 b3 59. Ra7 Bf6 60. Be3 Bd7 61. Nxc4 b2 62. Nd2 Bxf5 63. Rf7 Nc1+ 64. Kf3 Nb3 65. Rb7 Bc2 66. Rxb3 Bxb3 67. Bc5 Bc3 68. Ke4 1/2-1/2

[Event "36th Zalakaros Festival 2017"]
[Site "Zalakaros"]
[Date "2017.05.25"]
[Round "8"]
[White "Hradeczky, Tamas"]
[Black "Pacan-Milej, Kosma"]
[Result "0-1"]
[ECO "B92"]
[WhiteElo "2146"]
[BlackElo "2317"]
[Annotator "NA"]
[PlyCount "104"]
[EventDate "2017.??.??"]
[EventType "swiss"]
[EventCountry "HUN"]
[SourceTitle "playchess.com"]
[Source "ChessBase"]
[SourceQuality "1"]
[TimeControl "40/5400+30:1800+30"]

1. e4 c5 2. Nf3 d6 3. d4 Nf6 4. Nc3 cxd4 5. Nxd4 a6 6. Be2 e5 7. Nb3 Be7 8. Be3 Be6 9. O-O Nbd7 10. a4 Nb6 11. Na5 Rb8 12. Qd2 O-O 13. h3 Qc7 14. f4 exf4 15. Rxf4 d5 16. Kh1 Nxe4 17. Nxe4 dxe4 18. Rxe4 Nd5 19. Bg1 Rbc8 20. Nc4 Rfd8 21. Qe1 Bf6 22. Bh2 Qc6 23. Qf1 b5 24. axb5 axb5 25. Na5 Qxc2 26. Bd3 Qxb2 27. Rb1 Qc3 28. Nb7 Rd7 29. Nd6 Rcd8 30. Nxb5 Qa5 31. Nd4 Nc3 32. Nc6 Rxd3 33. Nxa5 Nxe4 34. Nc6 Rd1 35. Nxd8 Rxf1+ 36. Rxf1 Bxd8 37. Re1 f5 38. Be5 Kf7 39. Kh2 g6 40. g4 Bd5 41. gxf5 gxf5 42. Bf4 Ke6 43. Ra1 Nc5 44. Ra7 Be7 45. Be3 Nd3 46. Kg1 h5 47. Ra6+ Ke5 48. Rh6 Bf3 49. Rh7 Bh4 50. Rd7 Nf4 51. Bf2 Nxh3+ 52. Kf1 Nxf2 0-1

[Event "36th Zalakaros Festival 2017"]
[Site "Zalakaros"]
[Date "2017.05.26"]
[Round "9"]
[White "Havasi, Gergo"]
[Black "Pacan-Milej, Kosma"]
[Result "0-1"]
[ECO "B90"]
[WhiteElo "2402"]
[BlackElo "2317"]
[Annotator "NA"]
[PlyCount "96"]
[EventDate "2017.??.??"]
[EventType "swiss"]
[EventCountry "HUN"]
[SourceTitle "playchess.com"]
[Source "ChessBase"]
[SourceQuality "1"]
[TimeControl "40/5400+30:1800+30"]

1. e4 c5 2. Nf3 d6 3. d4 Nf6 4. Nc3 cxd4 5. Nxd4 a6 6. h3 g6 7. g4 Bg7 8. Bg2 h5 9. g5 Nfd7 10. Be3 O-O 11. Qd2 Nc6 12. O-O-O Nb6 13. b3 a5 14. a4 Bd7 15. Kb1 Rc8 16. Ndb5 Nb4 17. Rc1 Na8 18. Bd4 Bxd4 19. Nxd4 Qb6 20. f4 Qc5 21. Kb2 Nc7 22. h4 b5 23. Bh3 e6 24. Ra1 bxa4 25. Rxa4 Na8 26. Ra3 Nb6 27. f5 e5 28. Nf3 gxf5 29. g6 fxg6 30. Rg1 Kg7 31. exf5 Bxf5 32. Bxf5 Rxf5 33. Rg3 d5 34. Ng5 Rc6 35. Rg2 Rf4 36. Ra1 d4 37. Nce4 Qd5 38. Qe1 d3 39. c3 Nc2 40. Rxc2 dxc2 41. Kxc2 a4 42. bxa4 Rc4 43. Nd2 Rxa4 44. Rxa4 Rxa4 45. Nge4 Nc4 46. Qf2 Ra2+ 47. Kc1 Ra1+ 48. Kc2 Na3+ 0-1

[Event "36th Zalakaros Festival 2017"]
[Site "Zalakaros"]
[Date "2017.05.26"]
[Round "9"]
[White "Paschall, William M"]
[Black "Krykun, Yuriy"]
[Result "1/2-1/2"]
[ECO "A37"]
[WhiteElo "2380"]
[BlackElo "2308"]
[Annotator "NA"]
[PlyCount "60"]
[EventDate "2017.??.??"]
[EventType "swiss"]
[EventCountry "HUN"]
[SourceTitle "playchess.com"]
[Source "ChessBase"]
[SourceQuality "1"]
[TimeControl "40/5400+30:1800+30"]

1. Nf3 c5 2. c4 Nc6 3. Nc3 g6 4. g3 Bg7 5. Bg2 e6 6. O-O Nge7 7. d3 O-O 8. Bd2 b6 9. a3 d5 10. Rb1 a5 11. Nb5 Ba6 12. Qb3 Nf5 13. e3 Rb8 14. Rfd1 Qd7 15. Bc3 d4 16. exd4 Ncxd4 17. Bxd4 Nxd4 18. Nfxd4 Bxd4 19. Nxd4 Qxd4 20. Qc3 Rfd8 21. Bf1 Qg4 22. b4 axb4 23. axb4 Bb7 24. Bg2 Bxg2 25. Kxg2 Qf5 26. bxc5 bxc5 27. Rxb8 Rxb8 28. Re1 Rd8 29. Re3 Rd4 30. Qa5 Rxd3 1/2-1/2